 Dungeon Crawl Stone Soup version 0.29.1-2-gbd0b4ee654 (webtiles) character file.

Game seed: 11087424521685936241

20 firemarshallily the Magician (level 3, -9/27 HPs)
             Began as a Djinni Conjurer on Nov 7, 2022.
             Mangled by a polar bear (14 damage)
             ... created by the rage of Trog
             ... on level 1 of the Dungeon.
             The game lasted 00:03:50 (791 turns).

firemarshallily the Magician (Djinni Conjurer)       Turns: 791, Time: 00:03:51

Health: -9/27      AC:  2    Str:  6    XL:     3   Next: 0%
Gold:   17         EV: 12    Int: 21    God:
                   SH:  0    Dex: 11

rFire   + + .      SeeInvis .   f - +0 short sword
rCold   x . .      Faith    .   (no shield)
rNeg    . . .      Spirit   .   a - +0 robe
rPois   ∞          Reflect  .   (no helmet)
rElec   .          Harm     .   (no cloak)
rCorr   .          Rampage  .   (no gloves)
Will    .....                   (boots unavailable)
Stlth   ++........              (no amulet)
HPRegen 0.09/turn               (no ring)
MPRegen 0.00/turn               (no ring)

@: flying, hasted, very quick
A: sickness immunity, fire resistance 2, cold vulnerability 1, float, innate
caster, HP casting, extra vitality 1
a: no special abilities


You were on level 1 of the Dungeon.
You visited 1 branch of the dungeon, and saw 1 of its levels.

You collected 17 gold pieces.

Inventory:

Hand Weapons
 f - a +0 short sword (weapon)
Missiles
 c - 20 stones
Armour
 a - a +0 robe (worn)


   Skills:
 * Level 1.6 Fighting
 + Level 2.6 Dodging
 - Level 1.5 Stealth
 - Level 3.3 Spellcasting


You couldn't memorise any spells.
You knew the following spells:

 Your Spells              Type           Power      Damage    Failure   Level
a - Magic Dart            Conj           68%        1d6       3%          1
b - Searing Ray           Conj           34%        2d5       4%          2
c - Dazzling Flash        Conj/Hex       34%        N/A       10%         3
d - Fulminant Prism       Conj/Hex       8%         3d7       32%         4
e - Iskenderun's Mystic   Conj/Tloc      17%        2d5       32%         4
f - Necrotise             Necr           68%        1d7       3%          1
Your spell library was empty.

Dungeon Overview and Level Annotations

Branches:
Dungeon (1/15)

Altars:
Trog


Innate Abilities, Weirdness & Mutations

You are immune to sickness and miasma.
You are immune to poison.
Your flesh is very heat resistant. (rF++)
You are vulnerable to cold. (rC-)
You float through the air rather than walking.
You learn spells naturally, not from books.
Your magical power is your life essence.
You have superior vitality. (+4 MHP)


Message History

The polar bear rages.
The air fills with toxic fumes!
As you read the scroll labelled EDIYRIEDAU, it crumbles to dust.
It was a scroll of poison.
Your surroundings suddenly seem different.
Found two leather armours.
You hear an angry growl. x2
You start resting.
You hear an angry growl. x23
A kobold comes into view. It is wielding a +0 short sword.
Aiming: Magic Dart (safe; 3% risk of failure)
Press: ? - help, Q - select action, (/) - cycle Shift-Dir - straight line, f - kobold
Aim: a kobold, wielding a +0 short sword (wandering, hasn't noticed you, 100% to hit)
The magic dart hits the kobold.
The kobold is moderately wounded.
* * * LOW HITPOINT WARNING * * *
Hit: f) +0 short sword
Press: ? - help, Dir - move target, f - you, p - kobold
Okay, then.
Aiming: Magic Dart (safe; 3% risk of failure)
Press: ? - help, Q - select action, (/) - cycle Shift-Dir - straight line, f/p - kobold
Aim: a kobold, wielding a +0 short sword (moderately wounded, 100% to hit)
The magic dart hits the kobold.
You kill the kobold!
* * * LOW HITPOINT WARNING * * *
You have reached level 3!
Your experience leads to an increase in your attributes!
Increase (S)trength, (I)ntelligence, or (D)exterity?
You feel clever. x2
The power to cast Necrotise wells up from within.
Spell assigned to 'f'.
You start resting.
A polar bear is nearby!
As you read the scroll labelled NEOXUL REK, it crumbles to dust.
You feel aware of your surroundings.
It was a scroll of magic mapping.
The polar bear growls angrily.
It was a potion of haste.
You feel yourself speed up. The polar bear bites you!
Ouch! That really hurt!
You die...

###### #....#
*********** #.[..#
*,,,,,,,,,* #....#
*,,,,,,,,,*
#@...###.>,,,,,,,*
#.h....).***,***,,
#....#...,,,,,,*,,
#....#,,.,,,,,,*,,
#....#,,,,,,,,,*,,
######,,,,,,,,,*,,
*,,,,,,,,,,,,
*,,,,,,,,,*,,
******
*****,,,*****


You could see a polar bear.

Vanquished Creatures
  A dart slug (D:1)
  2 bats (D:1)
  2 endoplasms (D:1)
  A giant cockroach (D:1)
  2 goblins (D:1)
  3 jackals (D:1)
  3 ball pythons (D:1)
  2 kobolds (D:1)
  A rat (D:1)
17 creatures vanquished.

Notes
Turn   | Place    | Note
-------+----------+-------------------------------------------
     0 | D:1      | firemarshallily the Djinni Conjurer began the quest for the
                  | Orb.
     0 | D:1      | firemarshallily set off with the following spells
                  | memorised: Magic Dart, Searing Ray, Dazzling Flash,
                  | Fulminant Prism, Iskenderun's Mystic Blast.
     0 | D:1      | Reached XP level 1. HP: 15/15 MP: 0/0
   197 | D:1      | Found a faded altar of an unknown god.
   209 | D:1      | Reached XP level 2. HP: 15/22 MP: 0/0
   344 | D:1      | Prayed at the altar of an unknown god.
   344 | D:1      | Became a worshipper of Trog the Wrathful
   344 | D:1      | Reached * piety under Trog
   345 | D:1      | Fell from the grace of Trog
   423 | D:1      | Reached skill level 1 in Fighting
   723 | D:1      | Noticed a black bear
   723 | D:1      | Noticed a black bear
   723 | D:1      | Noticed a polar bear
   724 | D:1      | HP: 1/22 [black bear[the rage of Trog] (4)]
   763 | D:1      | Reached XP level 3. HP: 2/27 MP: 0/0
   763 | D:1      | Learned a level 1 spell: Necrotise
   791 | D:1      | Mangled by a polar bear

Illustrated notes

Levels and vault maps discovered:
D:1:      lightli_arrival_quake, layout_rooms, basic_ecumenical_altar,
          serial_aquarium, aquarium_bridge_straight [aquarium_subvault_bridge,
          aquarium_subvault_wall, aquarium_subvault_bridge,
          aquarium_subvault_balcony], aquarium_window_fake,
          aquarium_window_corner, aquarium_view_2f, aquarium_balcony_3b,
          chequers_mini_garden

Skill      XL: |  1  2 |
---------------+-------+-----
Fighting       | 1 |  1.6
Dodging        | |  2.6
Stealth        | |  1.5
Spellcasting   | |  3.3

Action                   || total
-------------------------++-------
 Cast: Magic Dart        ||    30
       Searing Ray       ||     1
Invok: Renounce Religion ||     1
  Use: Scroll            ||     4
       Potion            ||     1
Armor: Robe              ||     3
Dodge: Dodged            ||     2
